 Dungeon Crawl Stone Soup version 0.21-a0-552-g593960d (webtiles) character file.

598 polly the Chopper (level 7, 0/82 HPs)
             Began as a Demonspawn Berserker on Dec 18, 2017.
             Was a Priest of Trog.
             Succumbed to bearx12000's ghost's poison
             ... on level 4 of the Dungeon.
             The game lasted 00:07:02 (2359 turns).

polly the Chopper (Demonspawn Berserker)            Turns: 2359, Time: 00:07:03

Health: 0/82       AC: 14    Str: 21 (24) XL:     7   Next: 17%
Magic:  0/7        EV: 14    Int:  5 (8)  God:    Trog [***...]
Gold:   196        SH:  0    Dex: 16 (18) Spells: 6/6 levels left

rFire    . . .     SeeInvis .   t - +0 war axe
rCold    . . .     Gourm    .   (no shield)
rNeg     . . .     Faith    .   d - +0 chain mail
rPois    .         Spirit   +   (helmet restricted)
rElec    .         Reflect  .   (no cloak)
rCorr    .         Harm     .   (no gloves)
MR       .....                  a - +0 pair of boots
Stlth    ..........             (no amulet)
HPRegen  0.23/turn              (no ring)
MPRegen  0.10/turn              (no ring)

@: agile, berserking, lethally poisoned (0 -> -8), very slightly contaminated,
drained, very quick
A: horns 1, iridescent scales 2, magic shield
a: Berserk, Trog's Hand, Burn Spellbooks, Renounce Religion


You were on level 4 of the Dungeon.
You worshipped Trog.
Trog was most pleased with you.
You were hungry.

You visited 1 branch of the dungeon, and saw 4 of its levels.

You collected 196 gold pieces.

Inventory:

Hand Weapons
 t - a +0 war axe (weapon)
Armour
 a - a +0 pair of boots (worn)
 d - a +0 chain mail (worn)
Wands
 s - a wand of disintegration (7)
Scrolls
 e - a scroll of fear {unknown}
 f - a scroll of remove curse {unknown}
 g - 2 scrolls of identify {unknown}
 h - 4 scrolls of enchant weapon {unknown}
 j - 3 scrolls of immolation {unknown}
 m - a scroll of fog {unknown}
Potions
 b - 3 potions of degeneration
 i - 2 potions of agility
 k - a potion of magic {unknown}
 l - 2 potions of berserk rage
 o - a potion of might {unknown}
 p - a potion of mutation {unknown}
 r - a potion of flight {unknown}
Comestibles
 c - 3 bread rations
 n - 2 royal jellies
 q - 2 meat rations


   Skills:
 + Level 4.7(4.5) Fighting
 + Level 5.6(5.4) Axes
 + Level 3.2(3.0) Armour
 + Level 2.7(2.5) Dodging
 + Level 0.6(0.3) Stealth


You had 6 spell levels left.
You didn't know any spells.

Dungeon Overview and Level Annotations

Branches:
Dungeon (4/15)
 Temple: D:4-7

Altars:

Annotations:
D:4 bearx12000's ghost, amateur DsCK


Innate Abilities, Weirdness & Mutations

You have a pair of small horns on your head.
You are mostly covered in iridescent scales. (AC +4)
When hurt, damage is shared between your health and your magic reserves.


Message History

* * * LOW HITPOINT WARNING * * *
You feel sick. Bearx12000's ghost closely misses you.
You catch the helpless bearx12000's ghost completely off-guard!
You hit bearx12000's ghost but do no damage.
Bearx12000's ghost is severely damaged.
Bearx12000's ghost closely misses you.
You hit bearx12000's ghost but do no damage.
Bearx12000's ghost is severely damaged.
You flicker back into view.
* * * LOW HITPOINT WARNING * * *
You feel sick.
Bearx12000's ghost whispers, "Everlasting silence awaits you..."
Bearx12000's ghost hits you.
* * * LOW HITPOINT WARNING * * *
Unknown command.
Unknown command.
Unknown command.
You hit bearx12000's ghost but do no damage.
Bearx12000's ghost is severely damaged.
You die...

#.>. #... #... ..# ...
#.# #W# #@# #$# #.# #.#
################.######
........................
################........
#.####### ###


You could see bearx12000's ghost.

Vanquished Creatures
  Grinder (D:3)
  Sigmund (D:2)
  An orc priest (D:3)
  Jessica (D:2)
  Ijyb (D:3)
  Robin (D:2)
  3 gnolls (D:3)
  2 adders
  An ooze (D:2)
  3 worms
  A dart slug (D:3)
  4 leopard geckos
  5 orcs (D:3)
  12 bats
  3 giant cockroaches
  14 goblins
  9 hobgoblins
  6 jackals (D:2)
  8 kobolds
  4 quokkas
  A frilled lizard (D:1)
  2 rats
84 creatures vanquished.

Notes
Turn   | Place    | Note
-------+----------+-------------------------------------------
     0 | D:1      | polly the Demonspawn Berserker began the quest for the Orb.
     0 | D:1      | Reached XP level 1. HP: 18/18 MP: 1/1
   304 | D:1      | Gained mutation: You have a pair of small horns on your head. [demonic ancestry]
   304 | D:1      | Reached XP level 2. HP: 23/24 MP: 2/2
   504 | D:2      | Reached skill level 3 in Axes
   611 | D:2      | Noticed Sigmund
   626 | D:2      | Killed Sigmund
   626 | D:2      | Reached skill level 4 in Axes
   626 | D:2      | Gained mutation: When hurt, damage is shared between your health and your magic reserves. [demonic ancestry]
   626 | D:2      | Reached XP level 3. HP: 23/30 MP: 3/3
   626 | D:2      | Reached XP level 4. HP: 28/37 MP: 4/4
   626 | D:2      | Gained mutation: You are partially covered in iridescent scales. (AC +2) [demonic ancestry]
   626 | D:2      | Reached XP level 5. HP: 32/42 MP: 5/5
   658 | D:2      | Reached ** piety under Trog
   668 | D:2      | Noticed Jessica
   675 | D:2      | Killed Jessica
   700 | D:2      | Noticed Robin
   711 | D:2      | Killed Robin
  1322 | D:3      | Reached XP level 6. HP: 36/48 MP: 4/6
  1329 | D:3      | Noticed Grinder
  1334 | D:3      | Paralysed by Grinder for 2 turns
  1363 | D:3      | Paralysed by Grinder for 4 turns
  1369 | D:3      | Killed Grinder
  1369 | D:3      | Reached skill level 5 in Axes
  1371 | D:3      | Gained mutation: You are mostly covered in iridescent scales. (AC +4) [demonic ancestry]
  1371 | D:3      | Reached XP level 7. HP: 25/55 MP: 3/7
  1758 | D:3      | Reached *** piety under Trog
  1821 | D:3      | Noticed Ijyb
  1849 | D:3      | Killed Ijyb
  2339 | D:4      | Noticed bearx12000's ghost (amateur DsCK)
  2356 | D:4      | HP: 4/82 [poisoned by bearx12000's ghost]
  2358 | D:4      | HP: 1/82 [bearx12000's ghost (2)]
  2359 | D:4      | Succumbed to bearx12000's ghost's poison

Vault maps used:
D:1:      lightli_arrival_lavapool
D:2:      uniq_sigmund, uniq_jessica, uniq_robin
D:3:      first_bread, minmay_misc_feat_more_columns, uniq_grinder, uniq_ijyb
D:4:      minitemple, serial_shops, shop_fountains, uniq_pikel

Skill      XL: |  1  2  3  4  5  6 |
---------------+-------------------+-----
Dodging        | 2 |  2.7
Axes           | 4 5 |  5.6
Armour         | 2 3 |  3.2
Fighting       | 4 |  4.7
Stealth        | |  0.6

Action                   |  1- 3 |  4- 6 |  7- 9 || total
-------------------------+-------+-------+-------++-------
Melee: Hand axe          |    80 |    83 |   103 ||   266
       Headbutt          |     7 |    23 |    25 ||    55
       War axe           |       |       |    26 ||    26
Invok: Berserk           |     1 |     2 |       ||     3
  Use: Potion            |       |       |     3 ||     3
 Stab: Distracted        |     1 |       |       ||     1
       Invisible         |       |       |     2 ||     2
  Eat: Chunk             |       |     3 |     4 ||     7
Armor: Chain mail        |    77 |    48 |    70 ||   195
       Animal skin       |     2 |       |       ||     2
Dodge: Dodged            |    42 |    34 |    44 ||   120

Table legend:
 A = Spawn XP
 B = Non-spawn XP
 C = Spawn XP percentage of total XP
 D = Spawn monster count
 E = Non-spawn monster count
 F = Spawn count percentage of total count
 G = Total turns spent on level
                    A         B        C        D         E        F      G
               +---------+---------+-------+---------+---------+-------+---------
         Total |       0 |     855 |   0.0 |       0 |      84 |   0.0 |  2359
               +---------+---------+-------+---------+---------+-------+---------
           D:1 |       0 |      20 |   0.0 |       0 |      12 |   0.0 |   496
           D:2 |       0 |     346 |   0.0 |       0 |      37 |   0.0 |   748
           D:3 |       0 |     489 |   0.0 |       0 |      35 |   0.0 |   998
               +---------+---------+-------+---------+---------+-------+---------
